 Dungeon Crawl Stone Soup version 0.32-a0-422-g28b100f618 (webtiles) character file.

Game seed: 11767601610062752241

229 Persephone the Shooter (level 6, -1/44 HPs)
             Began as a Coglin Hunter on Feb 21, 2024.
             Killed from afar by an orc wizard (3 damage)
             ... with a puff of flame
             ... on level 3 of the Dungeon.
             The game lasted 00:03:06 (2075 turns).

Persephone the Shooter (Coglin Hunter)              Turns: 2075, Time: 00:03:06

Health: -1/44      AC:  9    Str: 12    XL:     6   Next: 3%
Magic:  6/6        EV: 11    Int:  8    God:
Gold:   111        SH:  5    Dex: 19    Spells: 5/5 levels left

rFire   . . .        a - +0 shortbow {Yongsun}
rCold   . . .        (shield currently unavailable)
rNeg    . . .        l - quicksilver dragon scales
rPois   .            (no helmet)
rElec   .            (no cloak)
rCorr   .            (no gloves)
SInv    .            (no boots)
Will    +....        j - amulet of reflection
Stlth   +            (no ring)
HPRegen 0.27/turn    (no ring)
MPRegen 0.10/turn

%: reflection
@: immotile, revved
A: off-hand wielding, slow wielding, warmup strikes, legs shutdown
a: no special abilities


You were on level 3 of the Dungeon.
You visited 1 branch of the dungeon, and saw 3 of its levels.

You collected 111 gold pieces.

Inventory:

Hand Weapons
 a - a +0 shortbow (weapon) {Yongsun}
 o - a +0 sling
Armour
 c - a +0 leather armour
 l - quicksilver dragon scales (worn)
Jewellery
 j - an amulet of reflection (around neck)
 m - a ring of fire
Scrolls
 b - a scroll of butterflies
 e - a scroll of poison {unknown}
 f - a scroll of enchant weapon {unknown}
 h - a scroll of blinking {unknown}
 i - 2 scrolls of vulnerability {unknown}
 k - a scroll of brand weapon {unknown}
 n - a scroll of identify {unknown}
Potions
 g - a potion of mutation {unknown}


   Skills:
 - Level 2.0 Fighting
 + Level 6.4 Ranged Weapons
 - Level 1.7 Dodging
 - Level 0.7 Stealth


You had 5 spell levels left.
You didn't know any spells.
Your spell library contained the following spells:

 Spells                   Type           Power      Damage    Failure   Level
 Slow                     Hex            0%         N/A       69%         1
 Lesser Beckoning         Tloc           0%         N/A       83%         2
 Gell's Gravitas          Tloc           0%         N/A       96%         3
 Teleport Other           Tloc           0%         N/A       96%         3


Dungeon Overview and Level Annotations

Branches:
Dungeon (3/15)

Altars:

Annotations:
D:2 1 runed translucent door, Crazy Yiuf


Innate Abilities, Weirdness & Mutations

You can wield a second weapon in your off-hand.
It takes a long time for you to wield or remove held weapons.
Your first few attacks do less damage.
Attacking and casting redirects power from your legs.


Message History

You shoot an arrow. Something hits you.
Fire: a) +0 shortbow {Yongsun}
Press: ? - help, Shift-Dir - straight line You shoot an arrow.
An orc wizard appears from thin air!
Reactivating autopickup.
The orc wizard misses you.
The orc wizard gestures at you while chanting.
The magic dart hits you.
* * * LOW HITPOINT WARNING * * *
Fire: a) +0 shortbow {Yongsun}
Press: ? - help, Shift-Dir - straight line, f - orc wizard
Aim: an orc wizard, wielding a +0 dagger and wearing a +0 robe (heavily wounded, 59% to hit)
You shoot an arrow. The arrow barely misses the orc wizard.
The orc wizard casts a spell at you.
The puff of flame hits you but does no damage.
Fire: a) +0 shortbow {Yongsun}
Press: ? - help, Shift-Dir - straight line, f/p - orc wizard
Aim: an orc wizard, wielding a +0 dagger and wearing a +0 robe (heavily wounded, 59% to hit)
You shoot an arrow.
The arrow hits the orc wizard but does no damage.
The orc wizard is heavily wounded.
The orc wizard gestures at you while chanting.
The magic dart hits you.
* * * LOW HITPOINT WARNING * * *
Fire: a) +0 shortbow {Yongsun}
Press: ? - help, Shift-Dir - straight line, f/p - orc wizard
Aim: an orc wizard, wielding a +0 dagger and wearing a +0 robe (heavily wounded, 59% to hit)
You shoot an arrow.
The arrow closely misses the orc wizard.
The orc wizard points at you and mumbles some strange words.
The magic dart hits you.
* * * LOW HITPOINT WARNING * * *
Fire: a) +0 shortbow {Yongsun}
Press: ? - help, Shift-Dir - straight line, f/p - orc wizard
Aim: an orc wizard, wielding a +0 dagger and wearing a +0 robe (heavily wounded, 59% to hit)
You shoot an arrow. The arrow hits the orc wizard!
The orc wizard is almost dead.
The orc wizard points at you and mumbles some strange words.
The puff of flame hits you.
You die...

.. .#
######.## #
#.......# #..
#.......#....
#..........
#.......#..#
#...)@....#
#...)o).###
#.......#
#.......# .
###.....# #..
#<....# ....
#.....#.....
#.....)o.)..
#.....#....


You could see an orc wizard.

Vanquished Creatures
  Natasha (twice) (D:2)
  4 adders (D:2)
  3 gnolls
  2 dart slugs
  A ribbon worm (D:2)
  3 orcs (D:3)
  4 ball pythons
  5 endoplasms
  7 giant cockroaches (D:2)
  4 goblins
  2 hobgoblins
  3 jackals (D:2)
  6 kobolds
  8 bats
  5 frilled lizards
  6 rats
65 creatures vanquished.

Notes
Turn   | Place    | Note
-------+----------+-------------------------------------------
     0 | D:1      | Persephone the Coglin Hunter began the quest for the Orb.
     0 | D:1      | Reached XP level 1. HP: 16/16 MP: 1/1
    52 | D:1      | Reached skill level 4 in Ranged Weapons
    52 | D:1      | Reached XP level 2. HP: 22/22 MP: 2/2
   206 | D:1      | Reached XP level 3. HP: 25/27 MP: 3/3
   225 | D:1      | Found a faded altar of an unknown god.
   234 | D:1      | Got Plato's Notes on Destiny
   781 | D:2      | Reached skill level 5 in Ranged Weapons
   781 | D:2      | Reached XP level 4. HP: 33/33 MP: 4/4
  1177 | D:2      | Noticed Natasha
  1185 | D:2      | Killed Natasha
  1186 | D:2      | Reached XP level 5. HP: 21/38 MP: 5/5
  1722 | D:2      | Found a runed translucent door.
  1724 | D:2      | Noticed Crazy Yiuf
  1793 | D:3      | Reached skill level 6 in Ranged Weapons
  1970 | D:2      | Noticed Natasha
  1978 | D:2      | Killed Natasha
  2067 | D:3      | Reached XP level 6. HP: 19/44 MP: 6/6
  2074 | D:3      | HP: 2/44 [orc wizard/magic dart (5)]
  2075 | D:3      | Killed from afar by an orc wizard

Illustrated notes

Levels and vault maps discovered:
D:1:      eino_arrival_water_star, layout_rooms,
          shapermc_ecumenical_altar_rom_forum, minmay_pentomino_t4
D:2:      layout_loops_corners, minmay_worlds_worst_comb,
          uniq_crazy_yiuf_cottage, uniq_natasha
D:3:      layout_rooms, hellmonk_ghost_happy_afterlife

Skill      XL: |  1  2  3  4  5 |
---------------+----------------+-----
Ranged Weapons | 4 5 6 |  6.4
Fighting       | |  2.0
Dodging        | |  1.7
Stealth        | |  0.7

Action                     |  1- 3 |  4- 6 || total
---------------------------+-------+-------++-------
   Fire: Shortbow          |    68 |   156 ||   224
    Use: Potion            |       |     1 ||     1
 Armour: Leather armour    |     6 |       ||     6
         Quicksilver drago |     7 |    86 ||    93
  Dodge: Dodged            |     8 |    57 ||    65
  Block: Other             |     2 |    20 ||    22
         Reflection        |       |     2 ||     2

Table legend: (Time is in decaauts)
 A = Elapsed time spent in this place.
 B = Non-inter-level travel time spent in this place.
 C = Inter-level travel time spent in this place.
 D = Time resting spent in this place.
 E = Time spent auto-exploring this place.
 F = Levels seen in this place.
 G = Mean time per level.
                   A        B        C        D        E       F      G
               +--------+--------+--------+--------+--------+-----+--------+
         Total |   2129 |   1874 |    255 |      0 |   1444 |   3 |  709.7 |
       Dungeon |   2129 |   1874 |    255 |      0 |   1444 |   3 |  709.7 |
               +--------+--------+--------+--------+--------+-----+--------+

Top non-repeatable levels by time:
     D:2: 1408 daAuts
     D:1: 658 daAuts
     D:3: 63 daAuts
